TOP OF THE 1ST |
Salem-Keizer Volcanoes batting - Pitching for Rome Braves : LHP Jose Geraldo
|
Pitching: LHP Jose Geraldo
|
|
Batting: RHB Matt Fabre
|
0-0: Called Strike 0-1: Ball 1-1: Swinging Strike 1-2: Strikes out swinging
|
Batting: RHB Mario Saez
|
0-0: Ball 1-0: Called Strike 1-1: Called Strike 1-2: Foul Ball, location: 2F 1-2: Ball 2-2: Foul Ball, location: 2F 2-2: Foul Ball, location: 2F 2-2: Ground out 5-3 (Groundball, 56S, EV 85.6 MPH)
|
Batting: RHB Tony Logan
|
0-0: Ball 1-0: Ground out 5-3 (Groundball, 56, EV 81.2 MPH)
|
Top of the 1st over - 0 runs, 0 hits, 0 errors, 0 left on base; Salem-Keizer 0 - Rome 0 |
BOTTOM OF THE 1ST |
Rome Braves batting - Pitching for Salem-Keizer Volcanoes : RHP Allen Vesey
|
Pitching: RHP Allen Vesey
|
|
Batting: LHB Adam Hairston
|
0-0: Swinging Strike 0-1: Swinging Strike 0-2: Ball 1-2: Ball 2-2: Foul Ball, location: 2F 2-2: Strikes out looking
|
Batting: RHB Gebre-Giorgios Wangondu
|
0-0: Foul Ball, location: 2F 0-1: Called Strike 0-2: Fly out, F2 (Popup, 23F, EV 90.6 MPH)
|
Batting: RHB Mike Velazquez
|
0-0: Ball 1-0: Ball 2-0: Foul Ball, location: 2F 2-1: Called Strike 2-2: Fly out, F8 (Flyball, 8LM, EV 80.0 MPH)
|
Bottom of the 1st over - 0 runs, 0 hits, 0 errors, 0 left on base; Salem-Keizer 0 - Rome 0 |
TOP OF THE 2ND |
Salem-Keizer Volcanoes batting - Pitching for Rome Braves : LHP Jose Geraldo
|
Batting: LHB Ben Radach
|
0-0: Called Strike 0-1: Ball 1-1: Swinging Strike 1-2: Foul Ball, location: 2F 1-2: Ball 2-2: Ball 3-2: Foul Ball, location: 2F 3-2: Strikes out swinging
|
Batting: LHB Tom Reynolds
|
0-0: Ball 1-0: Foul Ball, location: 2F 1-1: Called Strike 1-2: Foul Ball, location: 2F 1-2: Foul Ball, location: 2F 1-2: Ball 2-2: Strikes out swinging
|
Batting: RHB Mario Mendoza
|
0-0: Called Strike 0-1: Ball 1-1: Ball 2-1: Fly out, F8 (Flyball, 8LD, EV 92.5 MPH)
|
Top of the 2nd over - 0 runs, 0 hits, 0 errors, 0 left on base; Salem-Keizer 0 - Rome 0 |
BOTTOM OF THE 2ND |
Rome Braves batting - Pitching for Salem-Keizer Volcanoes : RHP Allen Vesey
|
Batting: LHB Shigeru Ono
|
0-0: Fly out, F7 (Flyball, 78M, EV 90.0 MPH)
|
Batting: RHB Tony Cabrera
|
0-0: Foul Ball, location: 2F 0-1: Ball 1-1: Ball 2-1: Ball 3-1: SINGLE (Groundball, 6S, EV 63.8 MPH) (infield hit)
|
Pinch Runner at 1st Carlos Livas:
|
|
Batting: RHB Armando Vazquez
|
0-0: Called Strike Carlos Livas is caught stealing 2nd base 2-4 0-1: SOLO HOME RUN (Flyball, 89XD, EV 96.2 MPH), Distance : 386 ft
|
Batting: LHB Diego Garcia
|
0-0: Ball 1-0: Called Strike 1-1: Fly out, F8 (Flyball, 8LM, EV 88.8 MPH)
|
Bottom of the 2nd over - 1 run, 2 hits, 0 errors, 0 left on base; Salem-Keizer 0 - Rome 1 |
TOP OF THE 3RD |
Salem-Keizer Volcanoes batting - Pitching for Rome Braves : LHP Jose Geraldo
|
Now at 3B: Carlos Livas
|
|
Batting: RHB Andy Cunningham
|
0-0: Ball 1-0: Called Strike 1-1: Called Strike 1-2: Ball 2-2: Ground out 5-3 (Groundball, 56, EV 86.2 MPH)
|
Batting: SHB Curtis Thompson
|
0-0: Foul Ball, location: 2F 0-1: Swinging Strike 0-2: Strikes out swinging
|
Batting: RHB Lee Deason
|
0-0: Foul Ball, location: 2F 0-1: Ball 1-1: Swinging Strike 1-2: Strikes out looking
|
Top of the 3rd over - 0 runs, 0 hits, 0 errors, 0 left on base; Salem-Keizer 0 - Rome 1 |
BOTTOM OF THE 3RD |
Rome Braves batting - Pitching for Salem-Keizer Volcanoes : RHP Allen Vesey
|
Batting: LHB Ivan Castillo
|
0-0: Ball 1-0: Ball 2-0: Foul Ball, location: 2F 2-1: Foul Ball, location: 2F 2-2: Hit by Pitch
|
Batting: RHB Roberto Rios
|
0-0: Foul Ball, location: 2F 0-1: Foul Ball, location: 2F 0-2: Foul Ball, location: 2F 0-2: Foul Ball, location: 2F 0-2: Strikes out swinging
|
Batting: LHB Adam Hairston
|
0-0: Ball 1-0: Foul Ball, location: 2F 1-1: Called Strike Ivan Castillo is caught stealing 2nd base 2-6 1-2: Ball 2-2: Ball 3-2: SINGLE (Line Drive, 78S, EV 106.2 MPH)
|
Batting: RHB Gebre-Giorgios Wangondu
|
0-0: Ball 1-0: Ball 2-0: Swinging Strike Passed Ball! Adam Hairston to second 2-1: SINGLE (Groundball, 56S, EV 69.4 MPH) (infield hit) Adam Hairston to third
|
Batting: RHB Mike Velazquez
|
0-0: Ball 1-0: Fly out, F7 (Flyball, 7, EV 81.9 MPH)
|
Bottom of the 3rd over - 0 runs, 2 hits, 0 errors, 2 left on base; Salem-Keizer 0 - Rome 1 |
TOP OF THE 4TH |
Salem-Keizer Volcanoes batting - Pitching for Rome Braves : LHP Jose Geraldo
|
Batting: RHB Matt Fabre
|
0-0: Called Strike 0-1: Ball 1-1: Ball 2-1: Ground out 4-3 (Groundball, 4, EV 78.8 MPH)
|
Batting: RHB Mario Saez
|
0-0: Foul Ball, location: 2F 0-1: Foul Ball, location: 2F 0-2: SOLO HOME RUN (Flyball, 78XD, EV 108.1 MPH), Distance : 400 ft
|
Batting: RHB Tony Logan
|
0-0: Ball 1-0: Called Strike 1-1: Ball 2-1: Ground out U3 (Groundball, 13, EV 86.2 MPH)
|
Batting: LHB Ben Radach
|
0-0: Called Strike 0-1: Ball 1-1: Foul Ball, location: 2F 1-2: Ball 2-2: Ball 3-2: Foul Ball, location: 2F 3-2: Base on Balls
|
Batting: LHB Tom Reynolds
|
0-0: Ball 1-0: SINGLE (Groundball, 4MD, EV 100.0 MPH) Ben Radach to second Runner from 2nd tries for 3rd, OUT! 8-5
|
Top of the 4th over - 1 run, 2 hits, 0 errors, 1 left on base; Salem-Keizer 1 - Rome 1 |
BOTTOM OF THE 4TH |
Rome Braves batting - Pitching for Salem-Keizer Volcanoes : RHP Allen Vesey
|
Batting: LHB Shigeru Ono
|
0-0: SOLO HOME RUN (Flyball, 89XD, EV 105.6 MPH), Distance : 399 ft
|
Batting: RHB Carlos Livas
|
0-0: Called Strike 0-1: Ground out 6-3 (Groundball, 6, EV 103.8 MPH)
|
Batting: RHB Armando Vazquez
|
0-0: Called Strike 0-1: Foul Ball, location: 2F 0-2: Ground out 5-3 (Groundball, 56, EV 104.4 MPH)
|
Batting: LHB Diego Garcia
|
0-0: Ball 1-0: Fly out, F6 (Popup, 6S, EV 83.1 MPH)
|
Bottom of the 4th over - 1 run, 1 hit, 0 errors, 0 left on base; Salem-Keizer 1 - Rome 2 |
TOP OF THE 5TH |
Salem-Keizer Volcanoes batting - Pitching for Rome Braves : LHP Jose Geraldo
|
Batting: RHB Mario Mendoza
|
0-0: Called Strike 0-1: Foul Ball, location: 2F 0-2: Ground out 4-3 (Groundball, 4, EV 85.6 MPH)
|
Batting: RHB Andy Cunningham
|
0-0: Called Strike 0-1: Ball 1-1: Swinging Strike 1-2: Strikes out swinging
|
Batting: SHB Curtis Thompson
|
0-0: Ball 1-0: Called Strike 1-1: Fly out, F9 (Flyball, 9, EV 90.0 MPH)
|
Top of the 5th over - 0 runs, 0 hits, 0 errors, 0 left on base; Salem-Keizer 1 - Rome 2 |
BOTTOM OF THE 5TH |
Rome Braves batting - Pitching for Salem-Keizer Volcanoes : RHP Allen Vesey
|
Batting: LHB Ivan Castillo
|
0-0: Called Strike 0-1: Foul Ball, location: 2F 0-2: Ball 1-2: Ball 2-2: Strikes out swinging
|
Batting: RHB Roberto Rios
|
0-0: Ball 1-0: Foul Ball, location: 2F 1-1: Foul Ball, location: 2F 1-2: Foul Ball, location: 2F 1-2: Foul Ball, location: 2F 1-2: Strikes out swinging
|
Batting: LHB Adam Hairston
|
0-0: Called Strike 0-1: Foul Ball, location: 2F 0-2: Ball 1-2: Foul Ball, location: 2F 1-2: Ball 2-2: Ground out 5-3 (Groundball, 56, EV 105.0 MPH)
|
Bottom of the 5th over - 0 runs, 0 hits, 0 errors, 0 left on base; Salem-Keizer 1 - Rome 2 |
TOP OF THE 6TH |
Salem-Keizer Volcanoes batting - Pitching for Rome Braves : LHP Jose Geraldo
|
Batting: RHB Lee Deason
|
0-0: Foul Ball, location: 2F 0-1: Called Strike 0-2: Foul Ball, location: 2F 0-2: Ball 1-2: Ball 2-2: Strikes out swinging
|
Batting: RHB Matt Fabre
|
0-0: Called Strike 0-1: Ball 1-1: Foul Ball, location: 2F 1-2: DOUBLE (Flyball, 78XD, EV 100.0 MPH)
|
Batting: RHB Mario Saez
|
0-0: Foul Ball, location: 2F 0-1: Foul Ball, location: 2F 0-2: Ball 1-2: Foul Ball, location: 2F 1-2: Ball 2-2: Foul Ball, location: 2F 2-2: Ball 3-2: Ground out 6-3 (Groundball, 6, EV 96.2 MPH)
|
Batting: RHB Tony Logan
|
0-0: Ball 1-0: Foul Ball, location: 2F 1-1: Called Strike 1-2: SINGLE (Groundball, 6MD, EV 100.6 MPH) Matt Fabre to third Runner from 3rd tries for Home, SAFE, throw by CF to home
|
Batting: LHB Ben Radach
|
0-0: Foul Ball, location: 2F 0-1: Foul Ball, location: 2F Pickoff Throw to First - Out! 1-3 CS
|
Top of the 6th over - 1 run, 2 hits, 0 errors, 0 left on base; Salem-Keizer 2 - Rome 2 |
BOTTOM OF THE 6TH |
Rome Braves batting - Pitching for Salem-Keizer Volcanoes : RHP Allen Vesey
|
Batting: RHB Gebre-Giorgios Wangondu
|
0-0: Called Strike 0-1: Ball 1-1: DOUBLE (Line Drive, 9LM, EV 101.9 MPH)
|
Batting: RHB Mike Velazquez
|
0-0: Called Strike 0-1: Swinging Strike 0-2: Ball 1-2: Ground out 6-3 (Groundball, 6, EV 81.2 MPH) Gebre-Giorgios Wangondu to third
|
Batting: LHB Shigeru Ono
|
0-0: Intentional Walk
|
Batting: RHB Carlos Livas
|
0-0: Ball 1-0: Called Strike 1-1: Fly out, F9 (Flyball, 9D, EV 93.1 MPH) Runner from 3rd tags up, SCORES, no throw by RF
|
Batting: RHB Armando Vazquez
|
0-0: Ball 1-0: Called Strike 1-1: Called Strike 1-2: Ball 2-2: Ball 3-2: Ground out 4-3 (Groundball, 4S, EV 86.9 MPH)
|
Bottom of the 6th over - 1 run, 1 hit, 0 errors, 1 left on base; Salem-Keizer 2 - Rome 3 |
TOP OF THE 7TH |
Salem-Keizer Volcanoes batting - Pitching for Rome Braves : LHP Jose Geraldo
|
Batting: LHB Ben Radach
|
0-0: Foul Ball, location: 2F 0-1: Fly out, F7 (Flyball, 7, EV 91.9 MPH)
|
Batting: LHB Tom Reynolds
|
0-0: Called Strike 0-1: Ball 1-1: Ball 2-1: Ball 3-1: Base on Balls
|
Pitching: RHP Tyler Duffy
|
|
Pinch Hitting: LHB Adrian Navarro
|
0-0: Ball 1-0: Ball Tom Reynolds steals 2nd base 2-0: Called Strike 2-1: Swinging Strike 2-2: Strikes out swinging
|
Pinch Hitting: LHB Chris Morgan
|
0-0: Ball 1-0: Ball 2-0: Called Strike 2-1: Swinging Strike 2-2: Ball 3-2: Ground out U3 (Groundball, 3, EV 83.1 MPH)
|
Top of the 7th over - 0 runs, 0 hits, 0 errors, 1 left on base; Salem-Keizer 2 - Rome 3 |
BOTTOM OF THE 7TH |
Rome Braves batting - Pitching for Salem-Keizer Volcanoes : RHP Allen Vesey
|
Pitching: LHP Hector Jimenez
|
|
Now in LF: Joe Hoover
|
|
Now in CF: Houston Brock
|
|
Batting: LHB Diego Garcia
|
0-0: SINGLE (Flyball, 8LS, EV 95.6 MPH)
|
Batting: LHB Ivan Castillo
|
0-0: Ball 1-0: Bunt - Flyout to 3S! F3
|
Pitching: RHP Josh Weiser
|
|
Batting: RHB Roberto Rios
|
0-0: Ball 1-0: Ball 2-0: Fielders Choice at 2nd, 4-6 (Groundball, 4, EV 83.8 MPH)
|
Pitching: RHP Mitsuo Kuriyama
|
|
Batting: LHB Adam Hairston
|
0-0: Ball 1-0: Called Strike Roberto Rios steals 2nd, throwing error, E2 Roberto Rios to third 1-1: Called Strike 1-2: Ball 2-2: Ball 3-2: Base on Balls
|
Batting: RHB Gebre-Giorgios Wangondu
|
0-0: Called Strike 0-1: Ball 1-1: Foul Ball, location: 2F 1-2: Strikes out swinging, 2-3 out at first.
|
Bottom of the 7th over - 0 runs, 1 hit, 1 error, 2 left on base; Salem-Keizer 2 - Rome 3 |
TOP OF THE 8TH |
Salem-Keizer Volcanoes batting - Pitching for Rome Braves : RHP Tyler Duffy
|
Batting: SHB Curtis Thompson
|
0-0: DOUBLE (Line Drive, 89XD, EV 106.9 MPH)
|
Pinch Hitting: LHB Mike Sammons
|
0-0: Foul Ball, location: 2F 0-1: Foul Ball, location: 2F 0-2: Ball 1-2: Ball 2-2: Strikes out swinging
|
Batting: RHB Matt Fabre
|
0-0: Called Strike 0-1: Ball 1-1: Ball 2-1: Ball 3-1: Foul Ball, location: 2F 3-2: Base on Balls
|
Batting: RHB Mario Saez
|
0-0: Ball 1-0: Foul Ball, location: 2F 1-1: Ball 2-1: Ball 3-1: Base on Balls Curtis Thompson to third Matt Fabre to second
|
Batting: RHB Tony Logan
|
0-0: Called Strike 0-1: Ball 1-1: SINGLE (Groundball, 6MD, EV 106.9 MPH) Curtis Thompson scores Matt Fabre to third Mario Saez to second Runner from 3rd tries for Home, SAFE, throw by CF to home
|
Batting: LHB Ben Radach
|
0-0: Foul Ball, location: 2F 0-1: SINGLE (Groundball, 5D, EV 110.6 MPH) Mario Saez to third Tony Logan to second
|
Batting: LHB Tom Reynolds
|
0-0: SINGLE (Groundball, 6M, EV 95.6 MPH) Mario Saez scores Tony Logan to third Ben Radach to second Runner from 3rd tries for Home, throw by CF and OUT! 8-2 Ben Radach to third Tom Reynolds to second
|
Batting: LHB Joe Hoover
|
0-0: Ball 1-0: Ball 2-0: Fly out, F7 (Flyball, 7S, EV 85.0 MPH)
|
Top of the 8th over - 3 runs, 4 hits, 0 errors, 2 left on base; Salem-Keizer 5 - Rome 3 |
BOTTOM OF THE 8TH |
Rome Braves batting - Pitching for Salem-Keizer Volcanoes : RHP Mitsuo Kuriyama
|
Now at 1B: J.R. Roberts
|
|
Now at SS: Jim Begger
|
|
Batting: RHB Mike Velazquez
|
0-0: Called Strike 0-1: Foul Ball, location: 2F 0-2: Ball 1-2: Ball 2-2: Foul Ball, location: 2F 2-2: Foul Ball, location: 2F 2-2: Strikes out looking
|
Batting: LHB Shigeru Ono
|
0-0: Ball 1-0: Swinging Strike 1-1: Foul Ball, location: 2F 1-2: Strikes out looking
|
Batting: RHB Carlos Livas
|
0-0: SINGLE (Groundball, 6MD, EV 100.0 MPH)
|
Batting: RHB Armando Vazquez
|
0-0: Swinging Strike 0-1: Foul Ball, location: 2F 0-2: Strikes out looking
|
Bottom of the 8th over - 0 runs, 1 hit, 0 errors, 1 left on base; Salem-Keizer 5 - Rome 3 |
TOP OF THE 9TH |
Salem-Keizer Volcanoes batting - Pitching for Rome Braves : RHP Tyler Duffy
|
Pitching: RHP Andrew Stanek
|
|
Batting: RHB Houston Brock
|
0-0: Ground out 6-3 (Groundball, 6S, EV 68.8 MPH)
|
Batting: SHB Curtis Thompson
|
0-0: Ball 1-0: Ball 2-0: Ball 3-0: Base on Balls
|
Batting: RHB J.R. Roberts
|
0-0: Fly out, F8 (Flyball, 8RXD, EV 107.5 MPH)
|
Batting: RHB Matt Fabre
|
0-0: Called Strike Curtis Thompson steals 2nd base 0-1: Ball 1-1: DOUBLE (Line Drive, 9LM, EV 96.9 MPH) Curtis Thompson scores
|
Batting: RHB Mario Saez
|
0-0: Foul Ball, location: 2F 0-1: Ball 1-1: Ball 2-1: 2-RUN HOME RUN (Flyball, 78XD, EV 104.4 MPH), Distance : 414 ft
|
Pitching: LHP Alejandro Rivera
|
|
Batting: RHB Tony Logan
|
0-0: Ball 1-0: Foul Ball, location: 2F 1-1: SINGLE (Line Drive, 5D, EV 97.5 MPH)
|
Batting: RHB Jim Begger
|
0-0: Swinging Strike 0-1: Ball 1-1: Foul Ball, location: 2F 1-2: Strikes out swinging
|
Top of the 9th over - 3 runs, 3 hits, 0 errors, 1 left on base; Salem-Keizer 8 - Rome 3 |
BOTTOM OF THE 9TH |
Rome Braves batting - Pitching for Salem-Keizer Volcanoes : RHP Mitsuo Kuriyama
|
Batting: LHB Diego Garcia
|
0-0: Ball 1-0: Swinging Strike 1-1: Called Strike 1-2: Strikes out swinging, 2-3 out at first.
|
Batting: LHB Ivan Castillo
|
0-0: Ball 1-0: Foul Ball, location: 2F 1-1: Ball 2-1: Fly out, F9 (Flyball, 89M, EV 88.1 MPH)
|
Pitching: LHP Eric Larsen
|
|
Batting: RHB Roberto Rios
|
0-0: Ball 1-0: Ball 2-0: Foul Ball, location: 2F 2-1: Swinging Strike 2-2: Strikes out swinging
|
Bottom of the 9th over - 0 runs, 0 hits, 0 errors, 0 left on base; Salem-Keizer 8 - Rome 3 |
|